 Dungeon Crawl Stone Soup version 0.23.2-30-g0e89c35 (webtiles) character file.

Game seed: 2504751814976839411

1282 Fortress the Firebug (level 8, -16/58 HPs)
             Began as a Gnoll Fire Elementalist on June 9, 2019.
             Demolished by an orc warrior
             ... wielding a +0 flail
              (22 damage)
             ... on level 6 of the Dungeon.
             The game lasted 00:42:19 (7060 turns).

Fortress the Firebug (Gnoll Fire Elementalist)      Turns: 7060, Time: 00:42:19

Health: -16/58     AC:  4    Str: 10    XL:     8   Next: 54%
Magic:  0/17       EV: 16    Int: 20    God:
Gold:   210        SH:  0    Dex: 16    Spells: 10/19 levels left

rFire    . . .     SeeInvis .   y - +3 dagger (venom)
rCold    . . .     Gourm    .   (no shield)
rNeg     . . .     Faith    .   a - +0 robe
rPois    .         Spirit   .   s - +1 helmet
rElec    .         Reflect  .   (no cloak)
rCorr    .         Harm     .   (no gloves)
MR       .....                  (no boots)
Stlth    +++.......             (no amulet)
HPRegen  0.19/turn              (no ring)
MPRegen  0.15/turn              (no ring)

@: no status effects
A: distributed training, fangs 1, strong nose
a: no special abilities


You were on level 6 of the Dungeon.
You were not hungry.

You visited 2 branches of the dungeon, and saw 7 of its levels.
You also visited: Ossuary.

You collected 210 gold pieces.

Inventory:

Hand Weapons
 o - a +2 hand axe of electrocution
 t - a +0 dagger of flaming
 u - a +1 dagger of protection
 v - a +0 short sword of flaming
 y - a +3 dagger of venom (weapon)
Missiles
 d - 166 stones (quivered)
 p - 22 sling bullets
 x - 18 poisoned needles
Armour
 a - a +0 robe (worn)
 s - a +1 helmet (worn)
Jewellery
 g - an uncursed ring of protection from cold {unknown}
 F - an uncursed ring of protection from cold {unknown}
Wands
 B - a wand of acid (8)
 E - a wand of iceblast (10)
Scrolls
 b - 3 scrolls of fear
 f - 4 scrolls of identify
 j - 2 scrolls of teleportation {unknown}
 k - 5 scrolls of amnesia
 m - a scroll of enchant armour
 q - a scroll of enchant weapon
 D - a scroll of blinking {unknown}
Potions
 e - a potion of curing
 h - 4 potions of agility
 i - 2 potions of brilliance {unknown}
 l - 3 potions of heal wounds
 n - a potion of lignification {unknown}
 r - 3 potions of flight {unknown}
 w - 2 potions of might {unknown}
 z - a potion of berserk rage {unknown}
 A - 3 potions of ambrosia {unknown}
 C - a potion of invisibility {unknown}
Comestibles
 c - 6 rations


   Skills:
 + Level 3.3 Fighting
 + Level 3.3 Short Blades
 + Level 3.3 Long Blades
 + Level 3.3 Axes
 + Level 3.3 Maces & Flails
 + Level 3.3 Polearms
 + Level 3.3 Staves
 + Level 3.3 Slings
 + Level 3.3 Bows
 + Level 3.3 Crossbows
 + Level 3.3 Throwing
 + Level 3.3 Armour
 + Level 5.7 Dodging
 + Level 5.4 Stealth
 + Level 3.3 Shields
 + Level 3.3 Unarmed Combat
 + Level 6.0 Spellcasting
 + Level 3.5 Conjurations
 + Level 2.7 Hexes
 + Level 2.7 Charms
 + Level 2.7 Summonings
 + Level 2.7 Necromancy
 + Level 2.7 Translocations
 + Level 2.7 Transmutations
 + Level 6.1 Fire Magic
 + Level 2.7 Ice Magic
 + Level 2.7 Air Magic
 + Level 2.7 Earth Magic
 + Level 2.7 Poison Magic
 + Level 3.6 Invocations
 + Level 3.3 Evocations


You had 10 spell levels left.
You knew the following spells:

 Your Spells              Type           Power        Failure   Level  Hunger
a - Flame Tongue          Conj/Fire      ####.        1%          1    None
b - Throw Flame           Conj/Fire      ####..       2%          2    None
c - Conjure Flame         Conj/Fire      ####....     4%          3    ##.....
d - Inner Flame           Hex/Fire       ###.....     4%          3    ##.....

Your spell library contained the following spells:

 Spells                   Type           Power        Failure   Level  Hunger
 Sticky Flame             Conj/Fire      ####....     14%         4    ####...
 Fireball                 Conj/Fire      ####......   36%         5    #####..


Dungeon Overview and Level Annotations

Branches:
Dungeon (5/15)             Temple (1/1) D:5

Altars:
Ashenzari
Cheibriados
Dithmenos
Elyvilon
Fedhas
Gozag
Hepliaklqana
Makhleb
Nemelex Xobeh
Qazlal
Ru
Trog
Xom
Yredelemnul
Zin
The Shining One


Innate Abilities, Weirdness & Mutations

Your experience applies equally to all skills.
You have very sharp teeth.
Your uncanny sense of smell can sniff out nearby items.


Message History

The orc warrior is heavily wounded.
The orc barely misses you.
Casting: Flame Tongue (safe; 1% risk of failure)
Confirm with . or Enter, or press ? or * to list all spells.
Aiming: Flame Tongue (safe; 1% risk of failure)
Press: ? - help, Shift-Dir - straight line, f/p - orc warrior
Aim: an orc warrior, wielding a +0 flail and wearing a +0 chain mail (heavily wounded, poisoned)
The flame tongue hits the orc warrior.
The orc warrior is heavily wounded.
The orc warrior hits you with a +0 flail!
The orc hits you but does no damage.
You hit the orc warrior but do no damage.
The orc warrior looks even sicker.
You bite the orc warrior, but do no damage.
The orc warrior is severely wounded.
The orc warrior hits you with a +0 flail!!
* * * LOW HITPOINT WARNING * * *
The orc completely misses you.
The orc warrior hits you with a +0 flail!!
You die...

...........# #### ..
!..........##...##..
......†..$.#........
#....+.![.....
#...[#......
#....##...#
#....##...#
#))%oo....##
#.)..@.....+
#.)...††...#
#..........#
#....##...##
#....####+# #.....
#.....+ ####+##


You could see an orc warrior and an orc.

Vanquished Creatures
  An ice beast (D:5)
  An ogre (D:4)
  An elf zombie (Ossuary)
  3 bullfrogs (D:6)
  A scorpion (D:6)
  A jelly (D:5)
  A crimson imp (D:5)
  A centaur zombie (Ossuary)
  2 orc priests (D:4)
  2 human zombies (Ossuary)
  A bullfrog skeleton (D:5)
  4 orc wizards
  5 worker ants (D:4)
  3 mummies
  3 gnolls (D:2)
  7 adders
  A shadow imp (D:4)
  2 oozes (D:1)
  2 adder zombies
  2 adder skeletons
  5 worms
  2 dart slugs
  5 leopard geckos
  17 orcs
  12 bats
  2 giant cockroaches (D:3)
  5 goblins
  6 hobgoblins
  2 jackals (D:2)
  5 quokkas
  14 frilled lizards
  11 hobgoblin zombies (Ossuary)
  A jackal zombie (Ossuary)
  14 kobolds
  9 kobold zombies (Ossuary)
  8 orc zombies (Ossuary)
  16 rats
  2 rat zombies (Ossuary)
180 creatures vanquished.

Vanquished Creatures (others)
  A leopard gecko (D:3)
1 creature vanquished.

Grand Total: 181 creatures vanquished

Notes
Turn   | Place    | Note
-------+----------+-------------------------------------------
     0 | D:1      | Fortress the Gnoll Fire Elementalist began the quest for
                  | the Orb.
     0 | D:1      | Reached XP level 1. HP: 13/13 MP: 6/6
   198 | D:1      | Reached XP level 2. HP: 19/19 MP: 2/7
   832 | D:1      | Reached XP level 3. HP: 25/25 MP: 7/9
   950 | D:1      | Reached skill level 5 in Spellcasting
  1220 | D:2      | Reached skill level 1 in Invocations
  1386 | D:2      | Reached skill level 1 in Fighting
  1386 | D:2      | Reached skill level 1 in Short Blades
  1386 | D:2      | Reached skill level 1 in Long Blades
  1386 | D:2      | Reached skill level 1 in Axes
  1386 | D:2      | Reached skill level 1 in Maces & Flails
  1386 | D:2      | Reached skill level 1 in Polearms
  1386 | D:2      | Reached skill level 1 in Staves
  1386 | D:2      | Reached skill level 1 in Slings
  1386 | D:2      | Reached skill level 1 in Bows
  1386 | D:2      | Reached skill level 1 in Crossbows
  1386 | D:2      | Reached skill level 1 in Throwing
  1386 | D:2      | Reached skill level 1 in Armour
  1386 | D:2      | Reached skill level 1 in Shields
  1386 | D:2      | Reached skill level 1 in Unarmed Combat
  1386 | D:2      | Reached skill level 1 in Evocations
  1471 | D:2      | Reached XP level 4. HP: 32/32 MP: 4/11
  1488 | D:2      | Noticed an ogre
  1689 | D:3      | Noticed a sky beast
  1727 | D:3      | Reached skill level 1 in Hexes
  1727 | D:3      | Reached skill level 1 in Charms
  1727 | D:3      | Reached skill level 1 in Summonings
  1727 | D:3      | Reached skill level 1 in Necromancy
  1727 | D:3      | Reached skill level 1 in Translocations
  1727 | D:3      | Reached skill level 1 in Transmutations
  1727 | D:3      | Reached skill level 1 in Ice Magic
  1727 | D:3      | Reached skill level 1 in Air Magic
  1727 | D:3      | Reached skill level 1 in Earth Magic
  1727 | D:3      | Reached skill level 1 in Poison Magic
  2141 | D:3      | Reached XP level 5. HP: 7/37 MP: 8/12
  3367 | D:3      | Reached XP level 6. HP: 44/44 MP: 8/13
  3488 | D:3      | Found a shattered altar of Ashenzari.
  3660 | D:4      | Found a sand-covered staircase.
  3668 | Ossuary  | Entered an ossuary
  4006 | Ossuary  | Reached skill level 5 in Dodging
  4282 | Ossuary  | HP: 2/44 [elf zombie (5)]
  4284 | Ossuary  | Reached XP level 7. HP: 14/50 MP: 2/15
  5340 | D:4      | Learned a level 2 spell: Throw Flame
  5344 | D:4      | Learned a level 3 spell: Conjure Flame
  5348 | D:4      | Learned a level 3 spell: Inner Flame
  5478 | D:4      | Reached skill level 5 in Stealth
  6409 | D:5      | Entered Level 5 of the Dungeon
  6491 | D:5      | Found a staircase to the Ecumenical Temple.
  6500 | Temple   | Entered the Ecumenical Temple
  6765 | D:5      | Reached XP level 8. HP: 57/57 MP: 9/16
  6971 | D:5      | You fall through a shaft!
  7060 | D:6      | Demolished by an orc warrior

Skill      XL: |  1  2  3  4  5  6  7  8 |
---------------+-------------------------+-----
Conjurations   | 2 3 |  3.5
Spellcasting   | 5 6 |  6.0
Invocations    | 1 2 3 |  3.6
Fighting       | 1 2 3 |  3.3
Short Blades   | 1 2 3 |  3.3
Long Blades    | 1 2 3 |  3.3
Axes           | 1 2 3 |  3.3
Maces & Flails | 1 2 3 |  3.3
Polearms       | 1 2 3 |  3.3
Staves         | 1 2 3 |  3.3
Slings         | 1 2 3 |  3.3
Bows           | 1 2 3 |  3.3
Crossbows      | 1 2 3 |  3.3
Throwing       | 1 2 3 |  3.3
Armour         | 1 2 3 |  3.3
Shields        | 1 2 3 |  3.3
Unarmed Combat | 1 2 3 |  3.3
Evocations     | 1 2 3 |  3.3
Hexes          | 1 2 |  2.7
Charms         | 1 2 |  2.7
Summonings     | 1 2 |  2.7
Necromancy     | 1 2 |  2.7
Translocations | 1 2 |  2.7
Transmutations | 1 2 |  2.7
Ice Magic      | 1 2 |  2.7
Air Magic      | 1 2 |  2.7
Earth Magic    | 1 2 |  2.7
Poison Magic   | 1 2 |  2.7
Dodging        | 5 |  5.7
Stealth        | 5 |  5.4
Fire Magic     | 6 |  6.1

Action                   |  1- 3 |  4- 6 |  7- 9 || total
-------------------------+-------+-------+-------++-------
Melee: Unarmed           |     8 |       |       ||     8
       Whip              |     4 |    23 |       ||    27
       Bite              |     3 |     4 |     8 ||    15
       Short sword       |       |    21 |       ||    21
       Dagger            |       |    26 |    59 ||    85
 Cast: Flame Tongue      |    67 |   197 |   101 ||   365
       Conjure Flame     |       |       |     1 ||     1
       Throw Flame       |       |       |    10 ||    10
  Use: Potion            |       |     7 |     2 ||     9
       Scroll            |       |     5 |     5 ||    10
 Stab: Sleeping          |     1 |       |       ||     1
  Eat: Chunk             |     1 |     6 |     8 ||    15
       Ration            |       |     1 |       ||     1
Armor: Robe              |     9 |    20 |     6 ||    35
Dodge: Dodged            |    33 |    96 |    82 ||   211
